 Dungeon Crawl Stone Soup version 0.30-a0-629-gd54f4be4f7 (webtiles) character file.

Game seed: 7030789884862131646

30 kae the Insei (level 3, -5/26 HPs)
             Began as a Demonspawn Transmuter on Jan 12, 2023.
             Slain by a worm (11 damage)
             ... on level 2 of the Dungeon.
             The game lasted 00:00:55 (719 turns).

kae the Insei (Demonspawn Transmuter)                Turns: 719, Time: 00:00:55

Health: -5/26      AC:  2    Str: 10    XL:     3   Next: 5%
Magic:  3/6        EV: 12    Int: 16    God:
Gold:   81         SH:  0    Dex: 13    Spells: 3/6 levels left

rFire   . . .      SeeInvis .      - Unarmed
rCold   . . .      Faith    .    (no shield)
rNeg    . . .      Spirit   .    a - +0 robe
rPois   .          Reflect  .    (helmet currently unavailable)
rElec   .          Harm     .    (no cloak)
rCorr   .          Rampage  .    (no gloves)
Will    .....                    (boots currently unavailable)
Stlth   +                        (no amulet)
HPRegen 0.24/turn                (no ring)
MPRegen 0.10/turn                (no ring)

@: appendages (expiring), wereblooded, studying Maces & Flails
A: talons 2, horns 1
a: End Transformation


You were on level 2 of the Dungeon.
You had temporarily grown beastly talons.
You visited 1 branch of the dungeon, and saw 2 of its levels.

You collected 81 gold pieces.


Innate Abilities, Weirdness & Mutations

You have temporarily grown beastly talons.
You have a pair of small horns on your head.


   Skills:
 - Level 1.0 Fighting
 - Level 1.7 Dodging
 + Level 3.0 Unarmed Combat
 + Level 2.3 Spellcasting
 * Level 2.6 Transmutations


You had 3 spell levels left.
You knew the following spells:

 Your Spells              Type           Power      Damage    Failure   Level
a - Beastly Appendage     Tmut           20%        N/A       7%          1
b - Wereblood             Tmut           10%        N/A       11%         2

Your spell library contained the following spells:

 Spells                   Type           Power      Damage    Failure   Level
 Spider Form              Tmut/Pois      6%         N/A       34%         3
 Ice Form                 Ice/Tmut       6%         N/A       75%         4

Inventory:

Missiles
 e - 5 stones
Armour
 a - a +0 robe (worn)
Jewellery
 C - a ring of ice
   (You found it on level 1 of the Dungeon)
Potions
 b - a potion of lignification {!q}
 c - a potion of flight {unknown}
 d - a potion of heal wounds {unknown}

Dungeon Overview and Level Annotations

Branches:
Dungeon (2/15) Zot: 11264

Altars:

..... .. ... ... ...
.... ##w##..... #######
#.....# ......# #####..#
......# #......# ##.
......###.####.####.....
......##..###?.w@...#
......#........######
........######.#
##>#....# #.# ##.#.#.##
... #....#.# ..##
.......# .#.# #.##.###
##.# ..##... ..


You could see a worm.


Message History

A jackal is nearby!
Casting: Beastly Appendage (safe; 9% risk of failure)
Confirm with . or Enter, or press ? or * to list all spells.
You extend your transformation's duration. 😎 MP[-1]
You lost 1 mp, and now have 4/5 mp.
A jackal comes into view.
There are monsters nearby!
A worm comes into view.
The jackal barks! x2; You hear a bark!
A jackal comes into view.
The worm moves out of view.
The jackal bites you. 😕 HP[-3]
You take 3 damage, and now have 18/21 hp.
You closely miss the jackal. Your kick misses the jackal. The jackal bites you.
You completely miss the jackal. Your kick misses the jackal.
The jackal bites you but does no damage.
The jackal completely misses you. The jackal barely misses you. 😕 HP[-1]
You take 1 damage, and now have 17/21 hp.
The jackal attacks as you move away! The jackal closely misses you.
The jackal bites you. 😕 HP[-1]
You take 1 damage, and now have 16/21 hp.
The jackal bites you but does no damage.
The jackal bites you. 😮 HP[-1]
You take 1 damage, and now have 15/21 hp.
Your transformation is almost over. 😮 MP[+1]
Your mp is fully restored (5).
The jackal attacks as you move away! The jackal misses you.
The jackal bites you but does no damage. 😕 HP[+1]
Casting: Beastly Appendage (safe; 9% risk of failure)
Confirm with . or Enter, or press ? or * to list all spells.
Your blood is infused with primal strength.
The jackal completely misses you. The jackal bites you. 😮 HP[-1] MP[-2]
You take 1 damage, and now have 15/21 hp.
You lost 2 mp, and now have 3/5 mp.
You barely miss the jackal. The jackal bites you. 😮 HP[-3]
You take 3 damage, and now have 12/21 hp.
You hit the jackal but do no damage. Your kick misses the jackal.
Your headbutt misses the jackal. The jackal closely misses you. 😮 HP[+1]
You hit the jackal but do no damage. You claw the jackal.
The jackal closely misses you.
You hit the jackal.
You feel a bit better.
You kill the jackal!
The jackal bites you.
Unknown command.
You barely miss the jackal. The jackal bites you. 😮 HP[-2]
You take 2 damage, and now have 11/21 hp.
You miss the jackal. You claw the jackal. The jackal closely misses you.
You barely miss the jackal.
Your talons disappear.
The jackal closely misses you. The jackal barely misses you. 😮 HP[+1]
You closely miss the jackal. You headbutt the jackal.
You feel a bit better.
You kill the jackal!
The jackal bites you but does no damage.
You have reached level 3!
Your experience leads to an increase in your attributes!
Increase (S)trength, (I)ntelligence, or (D)exterity?
You feel clever. x2 😮 HP[+5]
You now have 26 max hp (+5).
You regained 5 hp, and now have 17/26 hp.
You completely miss the jackal. You headbutt the jackal.
The jackal bites you. 😮 HP[-1]
You take 1 damage, and now have 16/26 hp.
You hit the jackal but do no damage. The jackal bites you. 😮 MP[+1]
You hit the jackal.
You feel a bit better.
You kill the jackal! 😮 HP[+2]
You regained 2 hp, and now have 18/26 hp.
Casting: Wereblood (safe; 11% risk of failure)
Confirm with . or Enter, or press ? or * to list all spells.
Your feet morph into talons. 😮 MP[-1]
You lost 1 mp, and now have 3/6 mp.
You punch the worm! The worm bites you. 😮 HP[-2]
You take 2 damage, and now have 16/26 hp.
You hit the worm. You claw the worm.
Your transformation is almost over.
The worm bites you!
* * * LOW HITPOINT WARNING * * *
😱 HP[-10]
You take 10 damage, and now have 6/26 hp.
MASSIVE DAMAGE!! (PAUSE)
You hit the worm. Your headbutt misses the worm.
You hit the worm but do no damage. The worm bites you!
You die...

Skill      XL: |  1  2 |
---------------+-------+-----
Transmutations | 2 |  2.6
Unarmed Combat | 3 |  3.0
Fighting       | |  1.0
Dodging        | |  1.7
Spellcasting   | |  2.3

Action                   || total
-------------------------++-------
Melee: Unarmed           ||    50
       Kick              ||    11
       Headbutt          ||     5
       Punch             ||     1
 Cast: Beastly Appendage ||    14
       Wereblood         ||     2
Armor: Robe              ||     9
Dodge: Dodged            ||    30

Levels and vault maps discovered:
D:1:      kb_arrival_jail, layout_rooms, serial_bayou_lagoon_b
D:2:      layout_rooms, basic_ecumenical_altar

Notes
Turn   | Place    | Note
-------+----------+-------------------------------------------
     0 | D:1      | kae the Demonspawn Transmuter began the quest for the Orb.
     0 | D:1      | Reached XP level 1. HP: 15/15 MP: 3/3
     0 | D:1      | magus.rc [v1.11.3]
     2 | D:1      | Noticed a naga
     4 | D:1      | Noticed a spriggan
     4 | D:1      | Noticed a felid
     7 | D:1      | Noticed a demigod
     7 | D:1      | Noticed a minotaur
     9 | D:1      | Noticed an octopode
     9 | D:1      | Noticed a vine stalker
    11 | D:1      | Noticed a troll
    11 | D:1      | Noticed an elf
    13 | D:1      | Noticed a vampire
    15 | D:1      | Noticed a formicid
    15 | D:1      | Noticed a draconian
    17 | D:1      | Noticed an ogre
    19 | D:1      | Noticed a merfolk
    19 | D:1      | Noticed a meteoran
    21 | D:1      | Noticed a demonspawn
    21 | D:1      | Noticed a human
    23 | D:1      | Noticed a tengu
    23 | D:1      | Noticed a gargoyle
    25 | D:1      | Noticed a minotaur
    25 | D:1      | Noticed an armataur
    27 | D:1      | Noticed a human
    27 | D:1      | Noticed a troll
    69 | D:1      | Reached skill level 2 in Transmutations
   218 | D:1      | Mutation became permanent: You have a pair of small horns
                  | on your head. [demonic ancestry]
   218 | D:1      | Gained mutation: You have a pair of horns on your head.
                  | [demonic ancestry]
   218 | D:1      | Reached XP level 2. HP: 21/21 MP: 3/5
   560 | D:1      | Reached skill level 3 in Unarmed Combat
   608 | D:1      | Learned a level 2 spell: Wereblood
   711 | D:2      | Reached XP level 3. HP: 17/26 MP: 3/6
   717 | D:2      | HP: 6/26 [worm (10)]
   719 | D:2      | Slain by a worm

Vanquished Creatures
  An adder (D:1)
  A dart slug (D:1)
  3 ball pythons
  An endoplasm (D:2)
  3 goblins (D:1)
  3 jackals (D:2)
  3 kobolds (D:1)
  2 rats
17 creatures vanquished.

Table legend:
 A = Non-vault XP
 B = Vault XP
 C = Vault XP percentage of total XP
 D = Non-vault monster count
 E = Vault monster count
 F = Vault count percentage of total count
                 A         B        C        D         E       F
            +---------+---------+-------+---------+---------+-------
      Total |      44 |       0 |   0.0 |      17 |       0 |   0.0
            +---------+---------+-------+---------+---------+-------
        D:1 |      32 |       0 |   0.0 |      10 |       0 |   0.0
        D:2 |      12 |       0 |   0.0 |       7 |       0 |   0.0
            +---------+---------+-------+---------+---------+-------

Illustrated notes

Table legend:
 A = Kills in this place as a percentage of kills in entire the game.
 B = Kills by you in this place as a percentage of kills by you in the entire game.
 C = Kills by friends in this place as a percentage of kills by friends in the entire game.
 D = Other kills in this place as a percentage of other kills in the entire game.
 E = Experience gained in this place as a percentage of experience gained in the entire game.
 F = Experience gained in this place divided by the number of levels of this place that you have seen.
                   A       B       C       D       E      F
               +-------+-------+-------+-------+-------+----------------------
         Total | 100.0 | 100.0 |   N/A |   N/A | 100.0 |  22.0
       Dungeon | 100.0 | 100.0 |   N/A |   N/A | 100.0 |  22.0
               +-------+-------+-------+-------+-------+----------------------

Table legend: (Time is in decaauts)
 A = Elapsed time spent in this place.
 B = Non-inter-level travel time spent in this place.
 C = Inter-level travel time spent in this place.
 D = Time resting spent in this place.
 E = Time spent auto-exploring this place.
 F = Levels seen in this place.
 G = Mean time per level.
                   A        B        C        D        E       F      G
               +--------+--------+--------+--------+--------+-----+--------+
         Total |    734 |    711 |     23 |     43 |    520 |   2 |  367.0 |
       Dungeon |    734 |    711 |     23 |     43 |    520 |   2 |  367.0 |
               +--------+--------+--------+--------+--------+-----+--------+

Top non-repeatable levels by time:
     D:1: 630 daAuts
     D:2: 103 daAuts
